 Dungeon Crawl Stone Soup version 0.31-a0-466-g98c9adc2b6 (webtiles) character file.

Game seed: 2517807562048686719

2683 Ofeo the Ruffian (level 9, -5/130 (132) HPs)
             Began as a Troll Shapeshifter on Aug 5, 2023.
             Slain by a bog mummy (17 damage)
             ... in an ossuary.
             The game lasted 00:08:45 (6779 turns).

Ofeo the Ruffian (Troll Shapeshifter)               Turns: 6779, Time: 00:08:46

HP:   -5/130 (132)  AC:  5    Str: 29    XL:     9   Next: 37%
MP:   8/8           EV: 11    Int:  4    God:
Gold: 504           SH:  0    Dex: 10    Spells: 8/8 levels left

rFire   . .          .
                       - Unarmed
rCold   . . .        (no shield)
rNeg    . . .        j - +1 animal skin
rPois   .            (helmet currently unavailable)
rElec   .            (cloak currently unavailable)
rCorr   .            (gloves unavailable)
SInv    .            (boots unavailable)
Will    .....        (no amulet) Stlth
                     (no ring)
HPRegen 1.21/turn    (no ring)
MPRegen 0.11/turn

%: no passive effects
@: berserking, beast-form, lightly drained, very quick
A: beast (slay +4), large, unfitting armour, claws 3, regeneration 1, shaggy fur
1, tough skin 1
a: Begin Untransformation


You were in an ossuary.
You were a hulking beast.
You visited 2 branches of the dungeon, and saw 8 of its levels.
You also visited: Sewer and Ossuary.

You collected 504 gold pieces.

Inventory:

Hand Weapons
 a - a +1 sling of electrocution
Missiles
 y - 4 curare-tipped darts (quivered)
Armour
 j - a +1 animal skin (worn)
Talismans
 c - a beast talisman (active)
 u - a maw talisman
Wands
 x - a wand of iceblast (8) {@v4}
Scrolls
 e - 4 scrolls of fear
 i - 2 scrolls of identify {@r1}
 k - 2 scrolls of fog
 l - 4 scrolls of blinking {@r4}
 n - 3 scrolls of teleportation {@r3}
 q - a scroll of summoning {unknown}
 r - 2 scrolls of enchant weapon
 v - a scroll of revelation
Potions
 b - 4 potions of lignification
 d - 2 potions of attraction
 f - a potion of berserk rage
 g - a potion of magic {unknown}
 h - a potion of mutation {unknown}
 m - a potion of resistance {unknown}
 o - 2 potions of might {unknown}
 p - 2 potions of brilliance {unknown}
 s - a potion of haste {unknown}
 t - 2 potions of cancellation {unknown}
 w - a potion of heal wounds {unknown}


   Skills:
 + Level 5.1 Fighting
 + Level 3.3 Throwing
 + Level 5.2 Dodging
 + Level 6.8 Unarmed Combat
 + Level 5.9 Shapeshifting


You had 8 spell levels left.
You didn't know any spells.
Your spell library contained the following spells:

 Spells                   Type           Power      Damage    Failure   Level
 Necrotise                Necr           0%         1d4       50%         1
 Vampiric Draining        Necr           0%         2d6       86%         3
 Agony                    Necr           0%         N/A       100%        5
 Conjure Ball Lightning   Conj/Air       0%         3x3d6     100%        6
 Discord                  Hex            0%         N/A       100%        8
 Disjunction              Tloc           0%         N/A       100%        8


Dungeon Overview and Level Annotations

Branches:
Dungeon (7/15)             Temple (1/1) D:4           Sewer (visited)
Ossuary (1/1)

Altars:
Ashenzari
Cheibriados
Dithmenos
Elyvilon
Fedhas
Gozag
Hepliaklqana
Kikubaaqudgha
Okawaru
Qazlal
Ru
Sif Muna
Trog
Uskayaw
Vehumet
Xom
Yredelemnul
Zin
The Shining One

Shops:
D:7 =

Annotations:
D:4 1 runed translucent door, Crazy Yiuf


Innate Abilities, Weirdness & Mutations

You are a hulking beast.
Your limbs bulge with bestial killing power. (Slay +4)
You are too large for most types of armour.
You have claws for hands.
Your natural rate of healing is unusually fast.
You are covered in fur. (AC +1)
You have tough skin. (AC +1)


Message History

The mummy is heavily damaged.
The bullfrog zombie hits you.
The centaur zombie completely misses you.
The centaur zombie kicks you.
A bog mummy comes into view.
The bullfrog zombie hits you but does no damage.
You take 1 damage, and have 39/86 hp.
You scratch the mummy.
The mummy is severely damaged.
The centaur zombie hits you. The centaur zombie kicks you. The mummy hits you.
The bullfrog zombie hits you. The mummy hits you!
* * * LOW HITPOINT WARNING * * *
The bog mummy hits you!
* * * LOW HITPOINT WARNING * * *
You take 24 damage, and have 15/86 hp.
MASSIVE DAMAGE!!
You barely miss the mummy.
The mummy is severely damaged.
The centaur zombie hits you but does no damage.
The centaur zombie kicks you but does no damage.
The bullfrog zombie hits you but does no damage.
It was a potion of berserk rage.
A red film seems to cover your vision as you go berserk!
You feel yourself moving faster!
You feel mighty! The centaur zombie hits you.
* * * LOW HITPOINT WARNING * * *
The centaur zombie barely misses you. The bullfrog zombie barely misses you.
The mummy misses you. The mummy closely misses you.
The centaur zombie closely misses you. x2; The bog mummy hits you!
* * * LOW HITPOINT WARNING * * *
You now have 11/129 hp.
You mangle the mummy!!
You destroy the mummy!
The bullfrog zombie hits you.
* * * LOW HITPOINT WARNING * * *
The centaur zombie hits you but does no damage.
The centaur zombie completely misses you.
You mangle the mummy!!
You destroy the mummy!
The bullfrog zombie hits you but does no damage.
The bog mummy hits you!
You die...

## #≈≈
#~#~######
.~P~P~.#.# #
+#~#.MZ#M#'#+###
~~..~ZMh.....'.#
~##'##Z##'##.###
#.#...# ###.∩.#
#∩..# #####


You could see a mummy, 2 bog mummies, 2 bullfrog zombies and a centaur zombie.

Vanquished Creatures
  A steam dragon (D:7)
  A water moccasin (D:7)
  2 sky beasts (D:7)
  2 black bears
  3 phantoms
  7 bullfrogs
  6 scorpions
  4 wights (D:7)
  A water moccasin zombie (Ossuary)
  A bullfrog zombie (Ossuary)
  2 hounds (D:6)
  2 orc priests (D:4)
  A gnoll bouda (D:7)
  2 jellies
  Natasha (thrice) (D:3)
  5 iguanas
  2 orc wizards
  5 mummies
  7 adders
  3 gnolls (D:7)
  2 shadow imps
  An ufetubus (D:6)
  2 worms (D:3)
  2 dart slugs (D:1)
  15 orcs
  10 ball pythons
  18 endoplasms
  6 giant cockroaches
  5 goblins
  5 hobgoblins
  3 jackals (D:3)
  13 quokkas
  3 bats
  15 frilled lizards
  3 kobolds
  10 rats
173 creatures vanquished.

Notes
Turn   | Place    | Note
-------+----------+-------------------------------------------
     0 | D:1      | Ofeo the Troll Shapeshifter began the quest for the Orb.
     0 | D:1      | Reached XP level 1. HP: 18/18 MP: 0/0
   356 | D:1      | Reached skill level 1 in Fighting
   436 | D:1      | Reached XP level 2. HP: 27/27 MP: 1/1
   900 | D:2      | Reached XP level 3. HP: 33/33 MP: 2/2
  1357 | D:2      | Found the +1 Delatra's gloves {ID++}
  1370 | D:2      | Reached XP level 4. HP: 42/42 MP: 3/3
  1518 | D:3      | Noticed a scorpion
  1530 | D:3      | Killed a scorpion
  1531 | D:3      | Reached XP level 5. HP: 49/49 MP: 4/4
  1536 | D:3      | Noticed Natasha
  1544 | D:3      | Killed Natasha
  1545 | D:3      | Reached skill level 4 in Unarmed Combat
  1568 | D:3      | Noticed Natasha
  1575 | D:3      | Killed Natasha
  1691 | D:3      | Noticed Natasha
  1693 | D:3      | Killed Natasha
  2179 | D:4      | Found an ancient bone altar of Kikubaaqudgha.
  2179 | D:4      | Found a bloodstained altar of Trog.
  2226 | D:4      | Found a blossoming altar of Fedhas.
  2243 | D:4      | Reached XP level 6. HP: 45/59 MP: 5/5
  2287 | D:4      | Found a staircase to the Ecumenical Temple.
  2318 | Temple   | Entered the Ecumenical Temple
  2504 | D:4      | Found an iron altar of Okawaru.
  2563 | D:4      | Found a glowing drain.
  2572 | Sewer    | Entered a sewer
  2605 | Sewer    | Reached XP level 7. HP: 65/67 MP: 6/6
  2787 | Sewer    | Reached skill level 5 in Unarmed Combat
  3299 | D:4      | Found a runed translucent door.
  3300 | D:4      | Noticed Crazy Yiuf
  3327 | D:5      | Entered Level 5 of the Dungeon
  3588 | D:5      | Found a basalt altar of Yredelemnul.
  4789 | D:6      | Reached XP level 8. HP: 78/78 MP: 7/7
  4897 | D:6      | Reached skill level 1 in Throwing
  4897 | D:6      | Reached skill level 5 in Shapeshifting
  4926 | D:6      | HP: 2/78 [phantom (4)]
  5685 | D:6      | Reached skill level 6 in Unarmed Combat
  6370 | D:7      | Reached XP level 9. HP: 85/85 MP: 8/8
  6443 | D:7      | Reached skill level 5 in Dodging
  6659 | D:7      | Reached skill level 5 in Fighting
  6737 | D:7      | Found Xamp's Jewellery Shoppe.
  6744 | D:7      | Found a sand-covered staircase.
  6754 | Ossuary  | Entered an ossuary
  6779 | Ossuary  | Slain by a bog mummy

Illustrated notes

Levels and vault maps discovered:
D:1:      dpeg_arrival_oval, layout_basic, minmay_3d_cube
D:2:      layout_loops_ring, minmay_misc_feat_four_crosses,
          pf_guarded_unrand_delatra
D:3:      layout_basic, nrook_mini_backslash, uniq_natasha
D:4:      layout_cave_pools, mainiacjoe_overflow_alcove_2,
          nicolae_overflow_hidden_temple, minmay_temple_entry_mini_moons,
          portal_sewer_entry_e, uniq_crazy_yiuf_cottage
D:5:      layout_layer_cave, mainiacjoe_overflow_alcove_1, grunt_ministairs_7
D:6:      layout_basic, kennysheep_generic_room_5
D:7:      layout_cave_pools, gup_ossuary_entry_pyramid, serial_shops,
          nicolae_shop_gaudy_bauble
Temple:   compressed_dpeg_circular_temple
Ossuary:  ossuary_zaba_flooded

Skill      XL: |  1  2  3  4  5  6  7  8  9 |
---------------+----------------------------+-----
Fighting       | 1 2 3 4 5 |  5.1
Dodging        | 2 3 4 5 |  5.2
Unarmed Combat | 4 5 6 |  6.8
Shapeshifting  | 4 5 |  5.9
Throwing       | 2 3 |  3.3

Action                     |  1- 3 |  4- 6 |  7- 9 || total
---------------------------+-------+-------+-------++-------
  Melee: Unarmed           |    70 |   122 |   231 ||   423
         Punch             |       |     4 |     7 ||    11
    Use: Potion            |       |     2 |     5 ||     7
         Scroll            |       |     9 |     4 ||    13
   Stab: Sleeping          |     2 |     1 |     1 ||     4
         Fleeing           |       |     1 |       ||     1
 Armour: Animal skin       |    13 |    29 |    83 ||   125
         Skin              |       |     8 |       ||     8
  Dodge: Dodged            |    36 |    58 |   175 ||   269

Table legend: (Time is in decaauts)
 A = Elapsed time spent in this place.
 B = Non-inter-level travel time spent in this place.
 C = Inter-level travel time spent in this place.
 D = Time resting spent in this place.
 E = Time spent auto-exploring this place.
 F = Levels seen in this place.
 G = Mean time per level.
                   A        B        C        D        E       F      G
               +--------+--------+--------+--------+--------+-----+--------+
         Total |   6747 |   6484 |    263 |    619 |   4359 |  10 |  674.7 |
       Dungeon |   6463 |   6204 |    259 |    619 |   4286 |   7 |  923.3 |
        Temple |      9 |      5 |      4 |      0 |      0 |   1 |    9.0 |
         Sewer |    251 |    251 |      0 |      0 |     71 |   1 |  251.0 |
       Ossuary |     22 |     22 |      0 |      0 |      2 |   1 |   22.0 |
               +--------+--------+--------+--------+--------+-----+--------+

Top non-repeatable levels by time:
     D:6: 1418 daAuts
     D:5: 1406 daAuts
     D:4: 923 daAuts
     D:2: 819 daAuts
     D:3: 679 daAuts
     D:1: 678 daAuts
     D:7: 538 daAuts
   Sewer: 251 daAuts
 Ossuary: 22 daAuts
  Temple: 9 daAuts
